 Dungeon Sprint DCSS version 0.26-a0-683-g5206c1d7ac (webtiles) character file.

Game seed: 11712495194896708371

64771 mhtbhm the Minotaur Blade (level 14, -10/157 HPs)
             Began as a Minotaur Fighter on Oct 22, 2020.
             Was the Champion of Trog.
             Mangled by a green draconian knight
             ... wielding a +2 great mace
              (20 damage)
             ... in the Dungeon (Sprint IX: "|||||||||||||||||||||||||||||").
             The game lasted 00:08:26 (4363 turns).

mhtbhm the Minotaur Blade (Minotaur Fighter)        Turns: 4363, Time: 00:08:27

Health: -10/157    AC: 29    Str: 25    XL:     14   Next: 73%
Magic:  13/13      EV: 16    Int:  5    God:    Trog [******]
Gold:   54         SH: 20    Dex: 14    Spells: 13/13 levels left

rFire    + . .     SeeInvis .   a - +4 double sword (vorpal)
rCold    . . .     Faith    .   c - +2 kite shield {AC+3}
rNeg     . . .     Spirit   .   b - +3 plate armour {rF+}
rPois    .         Reflect  .   (helmet restricted)
rElec    .         Harm     .   m - +0 cloak
rCorr    .         Rampage  .   v - +0 pair of gloves {Dex+3}
MR       +....     NoTele   +   (no boots)
Stlth    ..........             (no amulet)
HPRegen  0.36/turn              p - +2 ring of evasion
MPRegen  0.13/turn              o - +2 ring of protection

@: berserk cooldown, slowed, studying Dodging, very slow
A: retaliatory headbutt, horns 2
a: Berserk, Trog's Hand, Brothers in Arms, Renounce Religion


You were in the Dungeon.
You worshipped Trog.
Trog was exalted by your worship.
You visited 1 branch You collected 1910 gold pieces.
You spent 1856 gold pieces at shops.

Inventory:

Hand Weapons
 a - a +4 vorpal double sword (weapon)
 n - a +2 long sword of holy wrath
 t - a +3 scimitar of flaming
 u - the +8 long sword of the Final Decision {vorpal, Str+3}
   (Trog gifted it to you in the Dungeon)

   It inflicts extra damage upon your enemies.
   It affects your strength (+3).
Armour
 b - a +3 plate armour of fire resistance (worn)
 c - a +2 kite shield of protection (worn)
 m - a +0 cloak (worn)
 v - a +0 pair of gloves of dexterity (worn)
Jewellery
 o - a +2 ring of protection (right hand)
 p - a +2 ring of evasion (left hand)
 x - an uncursed ring of protection from cold
 y - an uncursed ring of fire
Wands
 l - a wand of acid (1)
 D - a wand of disintegration (16)
Scrolls
 j - a scroll of blinking
 k - 10 scrolls of remove curse
 r - 2 scrolls of enchant armour
 s - 2 scrolls of fear
 A - 2 scrolls of enchant weapon
 B - a scroll of identify
 C - a scroll of fog
Potions
 d - 3 potions of might
 e - 6 potions of curing
 f - 2 potions of heal wounds
 g - a potion of haste
 h - 4 potions of magic
 i - a potion of invisibility
 q - 4 potions of berserk rage
 z - a potion of stabbing
 E - a potion of cancellation {unknown}
Books
 w - a manual of Dodging


   Skills:
 + Level 23.6 Fighting
 + Level 24.0 Long Blades
 + Level 18.2 Armour
 + Level 11.3 Dodging
 + Level 3.4 Stealth
 + Level 23.9 Shields
 + Level 5.7 Evocations


You had 13 spell levels left.
You didn't know any spells.
Your spell library was empty.

Dungeon Overview and Level Annotations

Branches:
Dungeon (1/1)

Altars:
Cheibriados
Dithmenos
Elyvilon
Fedhas
Gozag
Hepliaklqana
Kikubaaqudgha
Makhleb
Nemelex Xobeh
Okawaru
Qazlal
Ru
Sif Muna
Trog
Uskayaw
Vehumet
Wu Jian
Xom
Yredelemnul
Zin
The Shining One
Beogh
Jiyva
Lugonu

Shops:
D ([:[

Annotations:
D Cerebov


Innate Abilities, Weirdness & Mutations

You reflexively headbutt those who attack you in melee.
You have a pair of horns on your head.


Message History

Something hits you but does no damage.
Something tail-slaps you but does no damage.
The vault warden hits you but does no damage.
You hear some strange, mumbled words.
A shard of ice appears from out of thin air!
You block the shard of ice.
You slice the vault warden!!
The vault warden is heavily wounded.
You block something's attack.
Something tail-slaps you but does no damage.
The vault warden hits you with a +3 dire flail!
* * * LOW HITPOINT WARNING * * *
You barely miss the vault warden. Your headbutt misses the vault warden.
The vault warden is moderately wounded.
You hear some strange, mumbled words.
A shard of ice appears from out of thin air!
The shard of ice hits you!!
* * * LOW HITPOINT WARNING * * *
You block the vault warden's attack. Something hits you!!
You die...

[[[[[[........()).)).)..........'
▓▓▓▓▓▓▓▓▓▓▓▓▓▓▓▓▓▓▓▓▓▓▓▓▓▓▓▓▓▓▓▓▓
...)......................))[))).
▓▓▓▓▓▓▓▓▓▓▓▓▓▓▓▓▓▓▓♣♣♣♣♣♣♣♣♣♣▓▓▓▓
(.).))†))††.)..†...)).÷......'...
▓▓▓▓▓▓▓▓▓▓▓▓▓▓▓▓▓▓▓♣♣♣♣♣♣♣♣♣♣▓▓▓▓
.......).........†...............
▓▓▓▓▓▓▓▓▓▓▓▓▓▓▓▓▓▓▓▓▓▓▓▓▓▓▓▓▓▓▓▓▓
.........)'22&1{@pcW{...
▓▓▓▓▓▓▓▓▓▓▓▓▓▓▓▓▓▓▓▓▓▓▓▓


You could see Cerebov (fast), a vault warden, a balrug (summoned), a green death
(summoned), an Executioner (summoned, fast), a yaktaur and a freezing wraith.

Vanquished Creatures
  Saint Roka (D)
  A lich (D)
  A tentacled monstrosity (D)
  Agnes (D)
  A sphinx (D)
  Donald (D)
  2 fire giants (D)
  2 vault wardens (D)
  An ironheart preserver (D)
  2 very ugly things (D)
  2 dire elephants (D)
  2 ettins (D)
  5 ogre magi (D)
  A merfolk impaler (D)
  A yaktaur captain (D)
  2 rakshasas (D)
  2 hydras (D)
  An ice dragon (D)
  A spriggan air mage (D)
  An anaconda (D)
  2 merfolk avatars (D)
  A centaur warrior (D)
  6 two-headed ogres (D)
  An alligator (D)
  A naga sharpshooter (D)
  An orc high priest (D)
  A shock serpent (D)
  A spriggan berserker (D)
  A spriggan druid (D)
  2 glowing orange brains (D)
  2 wizards (D)
  A harpy (D)
  3 ironbrand convokers (D)
  5 ugly things (D)
  2 mana vipers (D)
  An orc knight (D)
  2 orc sorcerers (D)
  4 wolf spiders (D)
  A moth of wrath (D)
  6 elephants (D)
  2 black mambas (D)
  A vault sentinel (D)
  3 naga magi (D)
  Psyche (D)
  2 cane toads (D)
  2 komodo dragons (D)
  A freezing wraith (D)
  2 yaktaurs (D)
  A wind drake (D)
  2 tyrant leeches (D)
  2 merfolk (D)
  2 trolls (D)
  2 jumping spiders (D)
  A hornet (D)
  A blink frog (D)
  2 slime creatures (D)
  A snapping turtle (D)
  A redback (D)
  A water elemental (D)
  2 tarantellas (D)
  2 wraiths (D)
  3 yaks (D)
  2 wyverns (D)
  A basilisk (D)
  5 water moccasins (D)
  A sky beast (D)
  8 orc warriors (D)
  A black bear (D)
  6 ogres (D)
  2 boggarts (D)
  A wolf (D)
  2 centaurs (D)
  3 bullfrogs (D)
  4 orc priests (D)
  2 hounds (D)
  9 orc wizards (D)
  An adder (D)
  A white imp (D)
  An adder skeleton (D)
  A leopard gecko (D)
  10 orcs (D)
  A bat zombie (D)
  A goblin (D)
  2 hobgoblins (D)
  A jackal (D)
  A bat (D)
179 creatures vanquished.

Vanquished Creatures (collateral kills)
  A fire dragon (D)
1 creature vanquished.

Grand Total: 180 creatures vanquished

Notes
Turn   | Place    | Note
-------+----------+-------------------------------------------
     0 | D        | mhtbhm the Minotaur Fighter began the quest for the Orb.
     0 | D        | Reached XP level 1. HP: 19/19 MP: 0/0
   135 | D        | Noticed a hound
   135 | D        | Noticed an orc wizard
   135 | D        | Noticed an orc wizard
   138 | D        | Killed a hound
   138 | D        | Reached skill level 5 in Fighting
   138 | D        | Reached skill level 3 in Long Blades
   138 | D        | Reached skill level 5 in Armour
   138 | D        | Reached skill level 5 in Shields
   138 | D        | Reached XP level 2. HP: 18/29 MP: 1/1
   138 | D        | Reached XP level 3. HP: 22/36 MP: 2/2
   142 | D        | Reached skill level 4 in Long Blades
   142 | D        | Reached skill level 1 in Dodging
   144 | D        | Reached XP level 4. HP: 31/45 MP: 3/3
   195 | D        | Found a roughly hewn altar of Beogh.
   195 | D        | Found a snail-covered altar of Cheibriados.
   195 | D        | Found a shadowy altar of Dithmenos.
   195 | D        | Found a white marble altar of Elyvilon.
   195 | D        | Found a blossoming altar of Fedhas.
   195 | D        | Found an opulent altar of Gozag.
   196 | D        | Found a hazy altar of Hepliaklqana.
   197 | D        | Found a viscous altar of Jiyva.
   198 | D        | Found an ancient bone altar of Kikubaaqudgha.
   199 | D        | Found a corrupted altar of Lugonu.
   200 | D        | Found a burning altar of Makhleb.
   201 | D        | Found a sparkling altar of Nemelex Xobeh.
   202 | D        | Found an iron altar of Okawaru.
   203 | D        | Found a stormy altar of Qazlal.
   204 | D        | Found a sacrificial altar of Ru.
   205 | D        | Found a shimmering blue altar of Sif Muna.
   206 | D        | Found a bloodstained altar of Trog.
   207 | D        | Found a hide-covered altar of Uskayaw.
   208 | D        | Found a radiant altar of Vehumet.
   209 | D        | Found an ornate altar of the Wu Jian Council.
   210 | D        | Found a shimmering altar of Xom.
   211 | D        | Found a basalt altar of Yredelemnul.
   212 | D        | Found a glowing silver altar of Zin.
   213 | D        | Found a glowing golden altar of the Shining One.
   214 | D        | Became a worshipper of Trog the Wrathful
   292 | D        | Noticed a centaur
   297 | D        | Reached skill level 5 in Long Blades
   306 | D        | Reached * piety under Trog
   306 | D        | Reached XP level 5. HP: 35/52 MP: 4/4
   310 | D        | Killed a centaur
   310 | D        | Reached skill level 6 in Long Blades
   312 | D        | Reached ** piety under Trog
   403 | D        | Noticed a wyvern
   403 | D        | Noticed a wraith
   403 | D        | Noticed a troll
   408 | D        | Killed a wyvern
   408 | D        | Reached skill level 7 in Long Blades
   408 | D        | Reached XP level 6. HP: 62/62 MP: 5/5
   415 | D        | Killed a wraith
   415 | D        | Reached skill level 8 in Long Blades
   415 | D        | Reached skill level 10 in Armour
   415 | D        | Reached XP level 7. HP: 68/70 MP: 6/6
   416 | D        | Reached *** piety under Trog
   418 | D        | Killed a troll
   418 | D        | Reached skill level 10 in Fighting
   418 | D        | Reached skill level 9 in Long Blades
   418 | D        | Reached skill level 10 in Shields
   567 | D        | Noticed a komodo dragon
   567 | D        | Noticed a yak
   568 | D        | Noticed a blink frog
   574 | D        | Reached **** piety under Trog
   574 | D        | Reached skill level 10 in Long Blades
   584 | D        | Killed a komodo dragon
   584 | D        | Reached XP level 8. HP: 69/81 MP: 7/7
   595 | D        | Reached skill level 11 in Long Blades
   595 | D        | Reached skill level 5 in Dodging
   595 | D        | Reached skill level 1 in Stealth
   601 | D        | Reached ***** piety under Trog
   617 | D        | Killed a blink frog
   617 | D        | Reached skill level 12 in Long Blades
   874 | D        | Noticed a komodo dragon
   876 | D        | Noticed a six-headed hydra
   885 | D        | Killed a komodo dragon
   885 | D        | Reached XP level 9. HP: 81/89 MP: 8/8
   894 | D        | Killed a 13-headed hydra
   894 | D        | Reached skill level 13 in Long Blades
   895 | D        | Noticed a black mamba
   902 | D        | Reached skill level 1 in Evocations
   904 | D        | Reached ****** piety under Trog
   904 | D        | Reached skill level 14 in Long Blades
   916 | D        | Killed a black mamba
   916 | D        | Reached XP level 10. HP: 71/100 MP: 9/9
  1125 | D        | Noticed an elephant
  1125 | D        | Noticed a dire elephant
  1125 | D        | Noticed an elephant
  1125 | D        | Noticed an elephant
  1125 | D        | Noticed an elephant
  1125 | D        | Noticed a dire elephant
  1132 | D        | Killed a dire elephant
  1132 | D        | Received a gift from Trog
  1132 | D        | Reached skill level 15 in Long Blades
  1133 | D        | Noticed an elephant
  1136 | D        | Killed an elephant
  1140 | D        | Killed an elephant
  1143 | D        | Killed an elephant
  1155 | D        | Killed a dire elephant
  1155 | D        | Reached skill level 16 in Long Blades
  1163 | D        | Killed an elephant
  1169 | D        | Killed an elephant
  1175 | D        | Noticed an elephant
  1177 | D        | Got a masterwork long sword {god gift}
  1178 | D        | Identified the +8 long sword of the Final Decision {vorpal,
                  | Str+3} (Trog gifted it to you in the Dungeon)
  1186 | D        | Killed an elephant
  1523 | D        | Received a gift from Trog
  1524 | D        | Reached XP level 11. HP: 111/111 MP: 10/10
  1539 | D        | Received a gift from Trog
  1610 | D        | Noticed an orc knight
  1610 | D        | Noticed an orc high priest
  1614 | D        | Received a gift from Trog
  1616 | D        | Reached skill level 17 in Long Blades
  1620 | D        | Killed an orc knight
  1620 | D        | Reached skill level 15 in Shields
  1624 | D        | Killed an orc high priest
  1624 | D        | Reached skill level 15 in Fighting
  1629 | D        | Noticed an orc sorcerer
  1635 | D        | Received a gift from Trog
  1639 | D        | Killed an orc sorcerer
  1655 | D        | Got a crystal morningstar {god gift}
  1656 | D        | Identified the +10 morningstar of the Candelabrum {vorpal,
                  | Int-4 Dex+4 Stlth+} (Trog gifted it to you in the Dungeon)
  1715 | D        | Found Joimpak's Weapon Emporium.
  1715 | D        | Noticed a two-headed ogre
  1715 | D        | Noticed an ogre mage
  1715 | D        | Noticed an ogre mage
  1719 | D        | Noticed a two-headed ogre
  1720 | D        | Killed a two-headed ogre
  1723 | D        | Paralysed by an ogre mage for 4 turns
  1728 | D        | Killed an ogre mage
  1729 | D        | Found Ettusyemm's Antique Armour Shoppe.
  1730 | D        | Killed an ogre mage
  1730 | D        | Received a gift from Trog
  1730 | D        | Reached skill level 18 in Long Blades
  1734 | D        | Killed a two-headed ogre
  1740 | D        | Found Ifunnoffu's Book Emporium.
  1742 | D        | Noticed a two-headed ogre
  1759 | D        | Killed a two-headed ogre
  1770 | D        | Noticed an ogre mage
  1773 | D        | Noticed a two-headed ogre
  1774 | D        | Noticed a two-headed ogre
  1774 | D        | Paralysed by an ogre mage for 3 turns
  1781 | D        | Killed an ogre mage
  1788 | D        | Killed a two-headed ogre
  1788 | D        | Received a gift from Trog
  1799 | D        | Killed a two-headed ogre
  1799 | D        | Reached XP level 12. HP: 74/125 MP: 11/11
  1811 | D        | Found Muob's Armour Shoppe.
  1901 | D        | Bought a runed kite shield for 157 gold pieces
  1910 | D        | Bought a +0 pair of gloves of dexterity for 138 gold pieces
  1927 | D        | Bought a +2 long sword of holy wrath for 237 gold pieces
  1935 | D        | Bought a manual of Dodging for 1324 gold pieces
  2163 | D        | Noticed a rakshasa
  2163 | D        | Noticed a two-headed ogre
  2171 | D        | Killed a rakshasa
  2183 | D        | Killed a two-headed ogre
  2183 | D        | Reached skill level 19 in Long Blades
  2183 | D        | Reached skill level 15 in Armour
  2183 | D        | Noticed an ettin
  2186 | D        | Received a gift from Trog
  2198 | D        | Killed an ettin
  2201 | D        | Received a gift from Trog
  2265 | D        | Noticed Saint Roka
  2266 | D        | Received a gift from Trog
  2289 | D        | Killed Saint Roka
  2289 | D        | Reached skill level 20 in Long Blades
  2296 | D        | Received a gift from Trog
  2455 | D        | Noticed Agnes
  2468 | D        | Killed Agnes
  2468 | D        | Reached XP level 13. HP: 78/137 MP: 12/12
  2785 | D        | Noticed Psyche
  2790 | D        | Killed Psyche
  2836 | D        | Received a gift from Trog
  2843 | D        | Reached skill level 5 in Evocations
  2855 | D        | Received a gift from Trog
  3048 | D        | Noticed a merfolk impaler
  3060 | D        | Reached skill level 21 in Long Blades
  3066 | D        | Killed a merfolk impaler
  3077 | D        | Received a gift from Trog
  3077 | D        | Reached skill level 10 in Dodging
  3195 | D        | Received a gift from Trog
  3224 | D        | Received a gift from Trog
  3269 | D        | Noticed a tentacled monstrosity
  3293 | D        | Killed a tentacled monstrosity
  3301 | D        | Received a gift from Trog
  3315 | D        | Reached skill level 22 in Long Blades
  3594 | D        | Noticed Donald
  3607 | D        | Killed Donald
  3628 | D        | Noticed an ettin
  3628 | D        | Noticed a fire giant
  3631 | D        | Noticed a fire dragon
  3639 | D        | Received a gift from Trog
  3643 | D        | Noticed a sphinx
  3644 | D        | Killed an ettin
  3654 | D        | Killed a fire giant
  3654 | D        | Received a gift from Trog
  3654 | D        | Reached XP level 14. HP: 151/151 MP: 13/13
  3656 | D        | Noticed a brown very ugly thing
  3665 | D        | Paralysed by a sphinx for 4 turns
  3679 | D        | Paralysed by a sphinx for 2 turns
  3718 | D        | Paralysed by a sphinx for 6 turns
  3727 | D        | Killed a sphinx
  4083 | D        | Received a gift from Trog
  4101 | D        | Noticed a green very ugly thing
  4101 | D        | Noticed a fire giant
  4109 | D        | Killed a brown very ugly thing
  4117 | D        | Reached skill level 23 in Long Blades
  4121 | D        | Killed a green very ugly thing
  4124 | D        | Killed a fire giant
  4133 | D        | Received a gift from Trog
  4292 | D        | Noticed a vault warden
  4297 | D        | Noticed an ironheart preserver
  4298 | D        | Noticed a vault warden
  4310 | D        | Killed a vault warden
  4313 | D        | Received a gift from Trog
  4328 | D        | Killed a vault warden
  4330 | D        | Killed an ironheart preserver
  4332 | D        | Identified the +6 sword of Cerebov {flame}
  4333 | D        | Noticed a green draconian knight
  4333 | D        | Noticed Cerebov
  4338 | D        | Received a gift from Trog
  4341 | D        | Noticed a balrug
  4343 | D        | Noticed a lich
  4344 | D        | Noticed an Executioner
  4346 | D        | Noticed a vault warden
  4356 | D        | Killed a lich
  4356 | D        | Received a gift from Trog
  4356 | D        | Reached skill level 24 in Long Blades
  4363 | D        | Mangled by a green draconian knight

Illustrated notes

Levels and vault maps discovered:
D:        linesprint [early_d, line_temple, items_1, d_10, items_2, lair_1,
          lair_end, items_3, orc_1, orc_end, items_4, d_15, swamp_1, shoals_1,
          snake_1, spider_1, d_20, vaults_1, items_5, swamp_end, shoals_end,
          snake_end, spider_end, vaults_end, d_27, items_6, zot_1, zot_end,
          crypt_end, forest_end, elf_end, slime_end, tomb_end, abyss_end,
          pan_hell_end]

Skill      XL: |  1  2  3  4  5  6  7  8  9 10 11 12 13 14 |
---------------+-------------------------------------------+-----
Fighting       | 5 6 7 8 9 10 11 12 14 17 19 21 23 | 23.6
Armour         | 5 6 7 9 10 11 12 13 14 16 17 18 | 18.2
Shields        | 5 6 7 8 9 11 12 13 14 17 19 22 23 | 23.9
Long Blades    | 3 4 5 7 8 10 12 14 16 18 20 22 24 | 24.0
Dodging        | 1 3 4 5 6 7 8 9 10 11 | 11.3
Stealth        | 1 2 3 |  3.4
Evocations     | 1 2 3 4 5 |  5.7

Action                   |  1- 3 |  4- 6 |  7- 9 | 10-12 | 13-15 || total
-------------------------+-------+-------+-------+-------+-------++-------
Melee: Long sword        |    19 |     2 |       |    97 |       ||   118
       Headbutt          |     4 |     3 |    22 |    54 |    73 ||   156
       Scimitar          |       |    30 |    79 |    39 |       ||   148
       Double sword      |       |       |       |    78 |   276 ||   354
Invok: Berserk           |       |       |     1 |     6 |     6 ||    13
       Brothers in Arms  |       |       |       |       |     3 ||     3
Evoke: Wand              |       |       |     2 |     7 |     2 ||    11
  Use: Potion            |     1 |       |       |       |     5 ||     6
       Scroll            |       |       |       |       |     1 ||     1
 Stab: Sleeping          |       |       |     1 |       |       ||     1
Armor: Scale mail        |    10 |    17 |     1 |       |       ||    28
       Shadow dragon sca |       |       |    24 |    32 |       ||    56
       Plate armour      |       |       |       |    12 |    82 ||    94
Dodge: Dodged            |     6 |     9 |    32 |    51 |    63 ||   161
Block: Kite shield       |     6 |    11 |    42 |    70 |   173 ||   302
       Rpst.: Long sword |     2 |       |       |       |       ||     2
       Scimitar          |       |     2 |     7 |     1 |       ||    10
       Double sword      |       |       |       |     2 |     8 ||    10

Table legend: (Time is in decaauts)
 A = Elapsed time spent in this place.
 B = Non-inter-level travel time spent in this place.
 C = Inter-level travel time spent in this place.
 D = Time resting spent in this place.
 E = Time spent auto-exploring this place.
 F = Levels seen in this place.
 G = Mean time per level.
                   A        B        C        D        E       F      G
               +--------+--------+--------+--------+--------+-----+--------+
         Total |   4364 |   4364 |      0 |   2223 |    686 |   1 | 4364.0 |
       Dungeon |   4364 |   4364 |      0 |   2223 |    686 |   1 | 4364.0 |
               +--------+--------+--------+--------+--------+-----+--------+

Top non-repeatable levels by time:
       D: 4364 daAuts
